 Dungeon Crawl Stone Soup version 0.29-a0-284-gf9362112df (webtiles) character file.

Game seed: 14295373106498875478

264 sylnyx the Stinger (level 5, 0/41 HPs)
             Began as a Draconian Venom Mage on Mar 26, 2022.
             Slain by Duvessa the warg (10 damage)
             ... on level 4 of the Dungeon.
             The game lasted 00:19:47 (4433 turns).

sylnyx the Stinger (Draconian Venom Mage)           Turns: 4433, Time: 00:19:48

Health: 0/41       AC:  8    Str: 10    XL:     5   Next: 98%
Magic:  1/9        EV: 12    Int: 23    God:
Gold:   155        SH:  0    Dex: 12    Spells: 3/10 levels left

rFire   . . .      SeeInvis .   b - +2 dagger (drain)
rCold   . . .      Faith    .   (no shield)
rNeg    . . .      Spirit   .   (body armour unavailable)
rPois   .          Reflect  .   o - +2 hat
rElec   .          Harm     .   k - +0 cloak
rCorr   .          Rampage  .   (no gloves)
Will    .....                   (no boots)
Stlth   ++........              (no amulet)
HPRegen 0.13/turn               t - +6 ring of intelligence
MPRegen 0.11/turn               (no ring)

@: no status effects
A: AC +5, unfitting armour, cold-blooded
a: no special abilities


You were on level 4 of the Dungeon.
You visited 1 branch of the dungeon, and saw 6 of its levels.

You collected 155 gold pieces.

Inventory:

Hand Weapons
 b - a +2 dagger of draining (weapon)
Missiles
 l - 15 poisoned darts (quivered)
 q - a throwing net
Armour
 k - a +0 cloak (worn)
 o - a +2 hat (worn)
Magical Staves
 v - a staff of fire
Jewellery
 m - a ring of ice
 t - a +6 ring of intelligence (left hand)
 u - a ring of protection from fire
Wands
 r - a wand of polymorph (5)
Scrolls
 d - a scroll of brand weapon
 g - 2 scrolls of blinking {unknown}
 i - a scroll of holy word {unknown}
Potions
 a - a potion of magic
 c - 3 potions of degeneration
 e - a potion of flight
 f - 3 potions of brilliance
 h - a potion of mutation {unknown}
 j - a potion of lignification {unknown}
 n - a potion of haste {unknown}
 p - a potion of curing {unknown}
 s - a potion of might {unknown}


   Skills:
 + Level 2.1 Fighting
 + Level 2.0 Short Blades
 - Level 2.0 Dodging
 - Level 3.0 Stealth
 + Level 3.0 Spellcasting
 + Level 2.3 Transmutations
 + Level 3.9 Poison Magic


You had 3 spell levels left.
You knew the following spells:

 Your Spells              Type           Power      Damage    Failure   Level
a - Sting                 Tmut/Pois      68%        1d6       3%          1
b - Poisonous Vapours     Pois/Air       24%        N/A       8%          2
c - Olgreb's Toxic Radia  Pois           21%        N/A       22%         4

Your spell library contained the following spells:

 Spells                   Type           Power      Damage    Failure   Level
 Passwall                 Tmut/Erth      6%         N/A       11%         2
 Freeze                   Ice            12%        1d4       12%         1
 Sandblast                Erth           6%         2d5       12%         1
 Mephitic Cloud           Conj/Pois/Air  9%         N/A       21%         3
 Frozen Ramparts          Ice            6%         1d2       34%         3
 Stone Arrow              Conj/Erth      6%         3d7       34%         3
 Hailstorm                Conj/Ice       3%         3d3       75%         4
 Fireball                 Conj/Fire      1%         3d3       97%         5
 Iskenderun's Battlesphe  Conj           3%         2d6       97%         5
 Conjure Ball Lightning   Conj/Air       1%         3x3d6     100%        6
 Orb of Destruction       Conj           1%         9d5       100%        7


Dungeon Overview and Level Annotations

Branches:
Dungeon (6/15)
 Temple: D:4-7

Altars:

Shops:
D:2 :

Annotations:
D:4 Duvessa
D:6 Eustachio


Innate Abilities, Weirdness & Mutations

Your plain brown scales are hard. (AC +5)
You cannot fit into any form of body armour.
You are cold-blooded and may be slowed by cold attacks.


Message History

Confirm with . or Enter, or press ? or * to list all spells.
Aiming: Poisonous Vapours (safe; 9% risk of failure)
Press: ? - help, Dir - move target, f - Duvessa
Aim: Duvessa, wielding a +0 short sword and wearing a +0 leather armour Poisonous vapours surround Duvessa!
Duvessa is poisoned.
Duvessa says, "When magic and the sword combine, nothing stands against them."
You hear a distant scream of rage.
You feel a bit more experienced.
Training target 3.0 for Stealth reached!
Your Fighting skill increases to level 2!
Your Short Blades skill increases to level 2!
Your Stealth skill increases to level 3!
Your Spellcasting skill increases to level 3!
Casting: Poisonous Vapours (safe; 8% risk of failure)
Confirm with . or Enter, or press ? or * to list all spells.
Aiming: Poisonous Vapours (safe; 8% risk of failure)
Press: ? - help, Dir - move target, f/p - Duvessa
Aim: Duvessa, wielding a +0 short sword and wearing a +0 leather armour (lightly wounded) Poisonous vapours surround Duvessa!
Duvessa is poisoned.
Duvessa goes berserk!
Duvessa rages.
Duvessa attacks as you move away! Duvessa hits you with a +0 short sword.
Duvessa closely misses you. Duvessa hits you with a +0 short sword!
Duvessa rages.
Duvessa looks more healthy.
Duvessa hits you with a +0 short sword! Duvessa attacks as you move away!
Duvessa hits you with a +0 short sword. Duvessa hits you with a +0 short sword.
Aiming: Polymorph
Press: ? - help, Q - select action, (/) - cycle Shift-Dir - straight line, f/p - Duvessa
Aim: Duvessa, wielding a +0 short sword and wearing a +0 leather armour (moderately wounded, berserk, will become a steam dragon, a bullfrog, or a warg, chance to affect: 31%) Duvessa easily resists.
Duvessa barely misses you. Duvessa attacks as you move away!
Duvessa barely misses you. Duvessa hits you with a +0 short sword.
* * * LOW HITPOINT WARNING * * *
Aiming: Polymorph
Press: ? - help, Q - select action, (/) - cycle Shift-Dir - straight line, f/p - Duvessa
Aim: Duvessa, wielding a +0 short sword and wearing a +0 leather armour (moderately wounded, berserk, will become a steam dragon, a bullfrog, or a warg, chance to affect: 31%) Duvessa evaporates and reforms as a warg!
Duvessa bites you!
You die...

################
#.........@h...#
#.############.#
########## #.# #.#
#......... #.# #.#
#......... #.#
#####.###.........
#.#
#.......#.........
#.#
#.......#.........
#.#
#.......#.........
#.#
##......#.........


You could see Duvessa the warg.

Vanquished Creatures
  Dowan (D:4)
  An orc priest (D:5)
  2 iguanas
  5 adders
  An ufetubus (D:6)
  2 worms (D:4)
  A dart slug (D:2)
  2 orcs (D:5)
  4 ball pythons
  6 endoplasms
  A giant cockroach (D:1)
  4 goblins
  3 hobgoblins
  12 jackals
  8 kobolds
  3 quokkas
  4 bats
  7 frilled lizards
  6 rats
73 creatures vanquished.

Notes
Turn   | Place    | Note
-------+----------+-------------------------------------------
     0 | D:1      | sylnyx the Draconian Venom Mage began the quest for the
                  | Orb.
     0 | D:1      | Reached XP level 1. HP: 14/14 MP: 3/3
   337 | D:1      | Found a faded altar of an unknown god.
   671 | D:1      | Reached XP level 2. HP: 20/20 MP: 3/5
  1050 | D:1      | Learned a level 2 spell: Poisonous Vapours
  1290 | D:1      | Reached XP level 3. HP: 27/27 MP: 6/6
  1873 | D:2      | Found Sapnian's Book Shop.
  1886 | D:2      | Reached skill level 1 in Short Blades
  2152 | D:2      | Reached XP level 4. HP: 34/34 MP: 5/7
  2721 | D:3      | Reached skill level 1 in Fighting
  3571 | D:4      | You fall into a shaft and drop 2 floors!
  3580 | D:6      | Noticed Eustachio
  3614 | D:6      | Reached XP level 5. HP: 40/40 MP: 2/9
  3630 | D:5      | Entered Level 5 of the Dungeon
  3687 | D:5      | HP: 1/40 [orc priest/divine providence (15)]
  4283 | D:4      | Learned a level 4 spell: Olgreb's Toxic Radiance
  4388 | D:4      | Noticed Dowan
  4392 | D:4      | Noticed Duvessa
  4420 | D:4      | Killed Dowan
  4433 | D:4      | Noticed Duvessa
  4433 | D:4      | Duvessa changed into Duvessa the warg
  4433 | D:4      | Slain by Duvessa the warg

Illustrated notes

Levels and vault maps discovered:
D:1:      amcnicky_arrival_abandoned_market, layout_basic,
          hellmonk_ecumenical_altar_lost_god, minmay_misc_feat_room
D:2:      layout_loops_ring, serial_shops, nicolae_diamond_shop
D:3:      layout_basic, grunt_decor_clamped
D:4:      layout_basic, nzn_wu_jian_council_hall, uniq_duvessa
D:5:      layout_basic
D:6:      layout_rooms, cheibrodos_sewer_entry_drain,
          chequers_hall_statues_corner_a, uniq_pikel, uniq_eustachio,
          uniq_prince_ribbit1

Skill      XL: |  1  2  3  4  5 |
---------------+----------------+-----
Stealth        | 2 3 |  3.0
Dodging        | 2 |  2.0
Short Blades   | 1 2 |  2.0
Fighting       | 1 2 |  2.1
Transmutations | 2 |  2.3
Spellcasting   | 3 |  3.0
Poison Magic   | |  3.9

Action                   |  1- 3 |  4- 6 || total
-------------------------+-------+-------++-------
Melee: Dagger            |    75 |    57 ||   132
       Unarmed           |     5 |       ||     5
       Tailslap          |     5 |     8 ||    13
       Punch             |       |     3 ||     3
Throw: Dart              |       |     5 ||     5
 Cast: Sting             |    28 |     9 ||    37
       Poisonous Vapours |    12 |    38 ||    50
Evoke: Wand              |       |     2 ||     2
  Use: Scroll            |     1 |     6 ||     7
 Stab: Distracted        |       |     1 ||     1
Armor: Skin              |    26 |    13 ||    39
Dodge: Dodged            |    66 |    43 ||   109

Table legend: (Time is in decaauts)
 A = Elapsed time spent in this place.
 B = Non-inter-level travel time spent in this place.
 C = Inter-level travel time spent in this place.
 D = Time resting spent in this place.
 E = Time spent auto-exploring this place.
 F = Levels seen in this place.
 G = Mean time per level.
                   A        B        C        D        E       F      G
               +--------+--------+--------+--------+--------+-----+--------+
         Total |   4398 |   4238 |    160 |   1446 |   1136 |   6 |  733.0 |
       Dungeon |   4398 |   4238 |    160 |   1446 |   1136 |   6 |  733.0 |
               +--------+--------+--------+--------+--------+-----+--------+

Top non-repeatable levels by time:
     D:1: 1669 daAuts
     D:3: 978 daAuts
     D:2: 889 daAuts
     D:4: 407 daAuts
     D:6: 377 daAuts
     D:5: 76 daAuts
